 Dungeon Sprint DCSS version 0.22-a0-346-ga714374 (webtiles) character file.

4995 Goblin1989 the Grappler (level 10, -2/107 HPs)
             Began as a Troll Fighter on Apr 6, 2018.
             Was a High Priest of the Shining One.
             Slain by an eight-headed hydra (3 damage)
             ... in the Dungeon (Sprint IX: "|||||||||||||||||||||||||||||").
             The game lasted 00:05:13 (581 turns).

Goblin1989 the Grappler (Troll Fighter)              Turns: 581, Time: 00:05:14

Health: -2/107     AC:  6    Str: 29    XL:     10   Next: 29%
Magic:  15/15      EV:  1    Int:  4    God:    the Shining One [*****.]
Gold:   0          SH:  0    Dex: 12    Spells: 9/9 levels left

rFire    . . .     SeeInvis .     - Unarmed
rCold    . . .     Gourm    +   H - +0 shield
rNeg     + + +     Faith    .   a - +0 robe
rPois    ∞         Spirit   .   (helmet restricted)
rElec    .         Reflect  .   E - +0 cloak
rCorr    .         Harm     .   (gloves unavailable)
MR       .....     NoTele   +   (boots unavailable)
Stlth    +.........             (no amulet)
HPRegen  0.67/turn              G - +3 ring of dexterity
MPRegen  0.14/turn              (no ring)

@: petrified, glowing
A: large, unfitting armour, claws 3, fast metabolism 3, gourmand, regeneration
1, shaggy fur 1, tough skin 2
a: Divine Shield, Cleansing Flame, Summon Divine Warrior, Renounce Religion


You were in the Dungeon.
You worshipped the Shining One.
The Shining One was extremely pleased with you.
You were completely stuffed.

You visited 1 branch

Inventory:

Hand Weapons
 b - a +4 scimitar of flaming
Armour
 a - a +0 robe (worn)
 E - a +0 cloak (worn)
 H - a +0 shield (worn)
Jewellery
 G - a +3 ring of dexterity (left claw)
Wands
 A - a wand of acid (10)
Scrolls
 B - a scroll of blinking
 D - 4 scrolls of remove curse {@r2}
 K - 4 scrolls of enchant armour
 L - a scroll of fog
Potions
 d - 5 potions of curing {@q1}
 f - 11 potions of heal wounds {@q2, !q}
 h - 4 potions of magic
 i - a potion of berserk rage
 I - a potion of brilliance
 J - a potion of flight
Comestibles
 e - 2 rations
 C - a chunk of flesh


   Skills:
 + Level 9.1 Fighting
 + Level 9.2 Dodging
 + Level 8.9 Shields
 * Level 14.2 Unarmed Combat
 + Level 8.6 Invocations


You had 9 spell levels left.
You didn't know any spells.

Dungeon Overview and Level Annotations

Branches:
Dungeon (1/1)

Altars:
Cheibriados
Dithmenos
Elyvilon
Fedhas
Gozag
Hepliaklqana
Kikubaaqudgha
Makhleb
Nemelex Xobeh
Okawaru
Qazlal
Ru
Sif Muna
Trog
Uskayaw
Vehumet
Wu Jian
Xom
Yredelemnul
Zin
The Shining One
Beogh
Jiyva
Lugonu


Innate Abilities, Weirdness & Mutations

You are too large for most types of armour.
You have claws for hands.
Your metabolism is lightning-fast.
You like to eat raw meat.
Your natural rate of healing is unusually fast.
You are covered in fur. (AC +1)
You have very tough skin. (AC +2)


Message History

Unknown command.
You claw the catoblepas!
The catoblepas is lightly wounded.
The catoblepas gores you.
You take 4 damage, and have 102/106 hp.
You eviscerate the catoblepas!!!
The catoblepas is severely wounded.
The catoblepas breathes a plume of calcifying dust at you.
The blast of calcifying dust hits you!
Unknown command.
You scratch the catoblepas.
The catoblepas is severely wounded.
You are engulfed in calcifying dust.
You are slowing down.
You are engulfed in calcifying dust.
The blink frog blinks!
The catoblepas gores you!!
Your limbs are stiffening.
You take 11 damage, and have 92/106 hp.
You are engulfed in calcifying dust.
Your limbs have turned to stone.
You have turned to stone.
You are engulfed in calcifying dust.
The eight-headed hydra is engulfed in calcifying dust.
The eight-headed hydra is moving more slowly.
The catoblepas gores you!!
The eight-headed hydra is engulfed in calcifying dust.
The eight-headed hydra stops moving altogether!
You are engulfed in calcifying dust.
The catoblepas gores you!!
The catoblepas gores you but does no damage.
The catoblepas breathes a plume of calcifying dust at you.
The blast of calcifying dust hits you!
You are engulfed in calcifying dust.
The catoblepas breathes a plume of calcifying dust at you.
The blast of calcifying dust hits you!
You are engulfed in calcifying dust.
The blink frog blinks!
The catoblepas gores you!!
The blink frog is engulfed in calcifying dust.
The blink frog is moving more slowly.
The blink frog hits you but does no damage.
The porcupine twitches its whiskers.
You are engulfed in calcifying dust.
The catoblepas gores you!!
* * * LOW HITPOINT WARNING * * *
The blink frog is engulfed in calcifying dust.
The blink frog stops moving altogether!
The blink frog is engulfed in calcifying dust.
You are engulfed in calcifying dust.
The blink frog is engulfed in calcifying dust.
The catoblepas gores you!
* * * LOW HITPOINT WARNING * * *
The blink frog is engulfed in calcifying dust.
You are engulfed in calcifying dust.
The catoblepas breathes a plume of calcifying dust at you.
The blast of calcifying dust hits you!
* * * LOW HITPOINT WARNING * * *
The blast of calcifying dust hits the blink frog.
The blink frog is engulfed in calcifying dust.
You turn to flesh and can move again.
A blink frog comes into view.
You take 54 damage, and have 38/106 hp.
MASSIVE DAMAGE!!
Unknown command.
The blink frog gives a loud, deep croak!
You mangle the catoblepas!!
The catoblepas is almost dead.
The eight-headed hydra is no longer petrified.
The blink frog is engulfed in calcifying dust.
The catoblepas breathes a plume of calcifying dust at you.
The blast of calcifying dust hits you!
The blast of calcifying dust hits the blink frog.
The blink frog is engulfed in calcifying dust.
Unknown command.
Unknown command.
You scratch the catoblepas.
The catoblepas is almost dead.
You are engulfed in calcifying dust.
You are slowing down.
The blink frog is engulfed in calcifying dust.
The catoblepas gores you!!
* * * LOW HITPOINT WARNING * * *
The blink frog is engulfed in calcifying dust.
The blink frog blinks!
A wolf comes into view.
You take 16 damage, and have 22/106 hp.
You claw the catoblepas!
You kill the catoblepas!
Your Fighting skill increases to level 9!
Your Unarmed Combat skill increases to level 14!
You are engulfed in calcifying dust.
Your limbs have turned to stone.
The blink frog is engulfed in calcifying dust. x2
The blink frog blinks!
The blink frog is engulfed in calcifying dust.
You have turned to stone.
You are engulfed in calcifying dust.
The eight-headed hydra bites you.
* * * LOW HITPOINT WARNING * * *
The eight-headed hydra bites you but does no damage.
The eight-headed hydra bites you. x2
* * * LOW HITPOINT WARNING * * *
The eight-headed hydra bites you!
* * * LOW HITPOINT WARNING * * *
The eight-headed hydra bites you!!
* * * LOW HITPOINT WARNING * * *
The eight-headed hydra bites you.
You die...

▓.▓.▓⌂▓
▓S▓.▓⌂▓
▓h▓.▓⌂▓
▓Y▓.▓⌂▓
▓.▓.▓⌂▓
▓r▓.▓⌂▓
▓F▓.▓⌂▓
▓D▓.▓⌂▓
▓@▓.▓⌂▓
▓F▓.▓⌂▓
▓§▓.▓⌂▓
▓§▓.▓⌂▓
▓.▓.▓⌂▓
▓÷▓.▓⌂▓
▓.▓.▓⌂▓
▓†▓.▓⌂▓
▓.▓.▓⌂▓


You could see an eight-headed hydra, a yak, a blink frog (petrified), a water
moccasin (wandering), a wolf, a bullfrog and a porcupine.

Vanquished Creatures
  2 catoblepae (D)
  A centaur warrior (D)
  A two-headed ogre (D)
  Psyche (D)
  A black mamba (D)
  3 spiny frogs (D)
  A blink frog (D)
  An ice beast (D)
  A phantom (D)
  2 wolves (D)
  2 centaurs (D)
  A crocodile (D)
  A bullfrog (D)
  A crimson imp (D)
  A jelly (D)
  2 hounds (D)
  An adder skeleton (D)
  2 orcs (D)
  A bat skeleton (D)
  A giant cockroach (D)
  A goblin (D)
  A quokka (D)
  A ball python skeleton (D)
  A kobold (D)
  2 rats (D)
33 creatures vanquished.

Notes
Turn   | Place    | Note
-------+----------+-------------------------------------------
     0 | D        | Goblin1989 the Troll Fighter began the quest for the Orb.
     0 | D        | Reached XP level 1. HP: 22/22 MP: 0/0
    35 | D        | Noticed a centaur
    37 | D        | Reached skill level 3 in Unarmed Combat
    42 | D        | Reached XP level 2. HP: 26/29 MP: 1/1
    50 | D        | Killed a centaur
    50 | D        | Reached skill level 5 in Unarmed Combat
    50 | D        | Reached XP level 3. HP: 23/39 MP: 2/2
    50 | D        | Reached XP level 4. HP: 28/48 MP: 3/3
    67 | D        | Found a roughly hewn altar of Beogh.
    67 | D        | Found a snail-covered altar of Cheibriados.
    67 | D        | Found a shadowy altar of Dithmenos.
    67 | D        | Found a white marble altar of Elyvilon.
    67 | D        | Found a blossoming altar of Fedhas.
    67 | D        | Found an opulent altar of Gozag.
    68 | D        | Found a hazy altar of Hepliaklqana.
    69 | D        | Found a viscous altar of Jiyva.
    70 | D        | Found an ancient bone altar of Kikubaaqudgha.
    71 | D        | Found a corrupted altar of Lugonu.
    72 | D        | Found a burning altar of Makhleb.
    73 | D        | Found a sparkling altar of Nemelex Xobeh.
    74 | D        | Found an iron altar of Okawaru.
    75 | D        | Found a stormy altar of Qazlal.
    76 | D        | Found a sacrificial altar of Ru.
    77 | D        | Found a deep blue altar of Sif Muna.
    78 | D        | Found a bloodstained altar of Trog.
    79 | D        | Found a hide-covered altar of Uskayaw.
    80 | D        | Found a radiant altar of Vehumet.
    81 | D        | Found an ornate altar of the Wu Jian Council.
    82 | D        | Found a shimmering altar of Xom.
    83 | D        | Found a basalt altar of Yredelemnul.
    84 | D        | Found a glowing silver altar of Zin.
    85 | D        | Found a glowing golden altar of the Shining One.
    93 | D        | Became a worshipper of the Shining One
   136 | D        | Noticed a centaur
   136 | D        | Reached * piety under the Shining One
   136 | D        | Noticed a phantom
   136 | D        | Reached ** piety under the Shining One
   138 | D        | Reached skill level 6 in Unarmed Combat
   138 | D        | Reached skill level 1 in Invocations
   140 | D        | Killed a phantom
   140 | D        | Reached skill level 7 in Unarmed Combat
   140 | D        | Reached XP level 5. HP: 45/55 MP: 3/5
   144 | D        | Reached skill level 5 in Fighting
   144 | D        | Reached skill level 5 in Dodging
   144 | D        | Reached skill level 5 in Shields
   146 | D        | Killed a centaur
   146 | D        | Reached skill level 8 in Unarmed Combat
   146 | D        | Reached XP level 6. HP: 57/66 MP: 3/7
   187 | D        | Noticed a catoblepas
   187 | D        | Reached *** piety under the Shining One
   187 | D        | Noticed a two-headed ogre
   187 | D        | Noticed a centaur warrior
   187 | D        | Noticed an ice beast
   191 | D        | Killed an ice beast
   191 | D        | Reached skill level 9 in Unarmed Combat
   202 | D        | Killed a centaur warrior
   202 | D        | Reached skill level 10 in Unarmed Combat
   202 | D        | Reached skill level 5 in Invocations
   202 | D        | Reached XP level 7. HP: 57/76 MP: 5/10
   202 | D        | Reached XP level 8. HP: 64/84 MP: 5/11
   239 | D        | Killed a two-headed ogre
   239 | D        | Reached skill level 11 in Unarmed Combat
   243 | D        | Killed a catoblepas
   243 | D        | Reached skill level 12 in Unarmed Combat
   243 | D        | Reached XP level 9. HP: 73/96 MP: 9/13
   320 | D        | Noticed Psyche
   320 | D        | Reached **** piety under the Shining One
   331 | D        | Killed Psyche
   432 | D        | Noticed a spiny frog
   432 | D        | Noticed a spiny frog
   432 | D        | Noticed a spiny frog
   432 | D        | Noticed a black mamba
   435 | D        | Killed a black mamba
   435 | D        | Reached skill level 13 in Unarmed Combat
   440 | D        | Killed a spiny frog
   445 | D        | Killed a spiny frog
   448 | D        | Killed a spiny frog
   448 | D        | Reached XP level 10. HP: 77/106 MP: 13/15
   563 | D        | Reached ***** piety under the Shining One
   563 | D        | Noticed an eight-headed hydra
   563 | D        | Noticed a catoblepas
   580 | D        | Killed a catoblepas
   580 | D        | Reached skill level 14 in Unarmed Combat
   581 | D        | HP: 1/107 [eight-headed hydra (9)]
   581 | D        | Slain by an eight-headed hydra

Vault maps used:
D:        linesprint

Skill      XL: |  1  2  3  4  5  6  7  8  9 10 |
---------------+-------------------------------+-----
Unarmed Combat | 3 5 7 8 10 12 13 14 | 14.2
Fighting       | 3 4 5 6 7 8 9 |  9.1
Dodging        | 4 5 6 8 9 |  9.2
Shields        | 4 5 6 7 8 |  8.9
Invocations    | 2 3 5 7 8 |  8.6

Action                   |  1- 3 |  4- 6 |  7- 9 | 10-12 || total
-------------------------+-------+-------+-------+-------++-------
Melee: Unarmed           |    22 |    27 |    32 |    10 ||    91
Invok: Divine Shield     |       |     1 |       |       ||     1
  Use: Potion            |       |       |     2 |       ||     2
       Scroll            |       |       |     3 |       ||     3
  Eat: Chunk             |     2 |     5 |     2 |     2 ||    11
Armor: Robe              |     6 |     1 |     2 |     6 ||    15
Dodge: Dodged            |     6 |     7 |     5 |     2 ||    20
Block: Shield            |     8 |     9 |    12 |     1 ||    30

Table legend:
 A = Spawn XP
 B = Non-spawn XP
 C = Spawn XP percentage of total XP
 D = Spawn monster count
 E = Non-spawn monster count
 F = Spawn count percentage of total count
 G = Total turns spent on level
                    A         B        C        D         E        F      G
               +---------+---------+-------+---------+---------+-------+---------
         Total |       0 |    7137 |   0.0 |       0 |      33 |   0.0 |   581
               +---------+---------+-------+---------+---------+-------+---------
             D |       0 |    7137 |   0.0 |       0 |      33 |   0.0 |   581
               +---------+---------+-------+---------+---------+-------+---------

Vault maps used:
D:        linesprint
